 Dungeon Sprint DCSS version 0.27.1-33-g824d729ab1 (webtiles) character file.

Game seed: 11281505307440968922

2 Descartes the Ducker (level 1, -3/19 HPs)
             Began as a Djinni Warper on Dec 27, 2021.
             Slain by a quokka (4 damage)
             ... in the Dungeon (Sprint IX: "|||||||||||||||||||||||||||||").
             The game lasted 00:00:11 (17 turns).

Descartes the Ducker (Djinni Warper)                  Turns: 17, Time: 00:00:11

Health: -3/19      AC:  3    Str: 10    XL:     1   Next: 44%
Gold:   0          EV: 12    Int: 14    God:
                   SH:  0    Dex: 12

rFire    + + .     SeeInvis .   a - +0 falchion
rCold    x . .     Faith    .   (no shield)
rNeg     . . .     Spirit   .   b - +0 leather armour
rPois    ∞         Reflect  .   (no helmet)
rElec    .         Harm     .   (no cloak)
rCorr    .         Rampage  .   (no gloves)
Will     .....     NoTele   +   (boots unavailable)
Stlth    +.........             (no amulet)
HPRegen  0.06/turn              (no ring)
MPRegen  0.00/turn              (no ring)

@: flying
A: sickness immunity, fire resistance 2, cold vulnerability 1, float, innate
caster, hp casting, extra vitality 1
a: no special abilities


You were in the Dungeon.
You visited 1 branch

Inventory:

Hand Weapons
 a - a +0 falchion (weapon)
Missiles
 d - 5 boomerangs of dispersal (quivered)
Armour
 b - a +0 leather armour (worn)
Scrolls
 c - 2 scrolls of blinking
Potions
 e - a potion of curing
 f - a potion of heal wounds
 g - a potion of haste
 h - a potion of berserk rage


   Skills:
 + Level 2.5 Fighting
 - Level 1.7 Long Blades
 - Level 0.7 Throwing
 - Level 1.0 Armour
 + Level 2.8 Dodging
 + Level 2.7 Spellcasting


You couldn't memorise any spells.
You knew the following spells:

 Your Spells              Type           Power      Damage    Failure   Level
a - Blink                 Tloc           N/A        N/A       16%         2
b - Lesser Beckoning      Tloc           4%         N/A       30%         3
c - Gell's Gravitas       Tloc           4%         N/A       30%         3
d - Teleport Other        Tloc           9%         N/A       30%         3
e - Manifold Assault      Tloc           9%         N/A       95%         5
Your spell library was empty.

Dungeon Overview and Level Annotations

Branches:
Dungeon (1/1)

Altars:


Innate Abilities, Weirdness & Mutations

You are immune to sickness and miasma.
You are immune to poison.
Your flesh is very heat resistant. (rF++)
You are vulnerable to cold. (rC-)
You float through the air rather than walking.
You learn spells naturally, not from books.
Your magical power is your life essence.
You have superior vitality. (+4 HP)


Message History

Found a staircase leading out of the dungeon.
You begin with the following spells memorised: Blink, Lesser Beckoning, Gell's Gravitas, Teleport Other, Manifold Assault.
As you open the door, it creaks loudly!
A rat, 2 quokkas, an endoplasm and a dart slug come into view.
You hit the endoplasm but do no damage. The endoplasm closely misses you.
You hit the endoplasm but do no damage.
The endoplasm hits you but does no damage.
You barely miss the endoplasm. The endoplasm hits you.
You barely miss the endoplasm. The endoplasm freezes you.
You are frozen.
You feel a terrible chill!
You hit the endoplasm.
The endoplasm is lightly wounded.
The endoplasm freezes you.
You are frozen.
The endoplasm freezes you.
You are frozen.
You feel a terrible chill!
* * * LOW HITPOINT WARNING * * *
You hit the endoplasm.
The endoplasm is moderately wounded.
The endoplasm hits you.
* * * LOW HITPOINT WARNING * * *
You slash the endoplasm!
You kill the endoplasm!
The quokka bites you.
* * * LOW HITPOINT WARNING * * *
You hit the quokka but do no damage. The quokka barely misses you.
You riposte.
You miss the quokka. You hit the quokka.
You kill the quokka!
You hit the quokka but do no damage. The quokka closely misses you.
The quokka barely misses you.
You barely miss the quokka. The quokka completely misses you.
You barely miss the quokka. The quokka bites you.
* * * LOW HITPOINT WARNING * * *
The quokka completely misses you.
You hit the quokka but do no damage.
The quokka bites you but does no damage.
You miss the quokka. The quokka bites you.
You die...

▓+▓
▓.▓
▓.▓
▓.▓
▓r▓
▓w▓
▓r▓
▓@▓
▓.▓
▓.▓
▓<▓
▓▓▓


You could see a dart slug, a quokka and a rat.

Vanquished Creatures
  An endoplasm (D)
  A quokka (D)
2 creatures vanquished.

Notes
Turn   | Place    | Note
-------+----------+-------------------------------------------
     0 | D        | Descartes the Djinni Warper began the quest for the Orb.
     0 | D        | Reached XP level 1. HP: 18/18 MP: 0/0
    17 | D        | Slain by a quokka

Illustrated notes

Levels and vault maps discovered:
D:        linesprint [early_d, line_temple, items_1, d_10, items_2, lair_1,
          lair_end, items_3, orc_1, orc_end, items_4, d_15, swamp_1, shoals_1,
          snake_1, spider_1, d_20, vaults_1, items_5, swamp_end, shoals_end,
          snake_end, spider_end, vaults_end, d_27, items_6, zot_1, zot_end,
          crypt_end, forest_end, elf_end, slime_end, tomb_end, abyss_end,
          pan_hell_end]

Action                   || total
-------------------------++-------
Melee: Falchion          ||    14
Armor: Leather armour    ||     2
Dodge: Dodged            ||     6
       Rpst.: Falchion   ||     1
